 Dungeon Crawl Stone Soup version 0.23.2-1-ga50397a6bc (webtiles) character file.

Game seed: 9415696056404387860

165 mzz the Shooter (level 5, 0/46 HPs)
             Began as a Centaur Hunter on May 5, 2019.
             Was an Initiate of Trog.
             Succumbed to a worker ant's poison
             ... on level 5 of the Dungeon.
             The game lasted 00:12:05 (1776 turns).

mzz the Shooter (Centaur Hunter)                    Turns: 1776, Time: 00:12:06

Health: 0/46       AC:  8    Str: 11 (14) XL:     5   Next: 21%
Magic:  5/5        EV: 12    Int:  9 (10) God:    Trog [......]
Gold:   144        SH:  0    Dex: 14 (16) Spells: 4/4 levels left

rFire    . . .     SeeInvis .   u - +1 short sword (venom)
rCold    . . .     Gourm    .   (no shield)
rNeg     . . .     Faith    .   c - +0 leather armour
rPois    .         Spirit   .   (no helmet)
rElec    .         Reflect  .   (no cloak)
rCorr    .         Harm     .   (no gloves)
MR       .....                  q - +0 centaur barding
Stlth    ++........             (no amulet)
HPRegen  0.15/turn              (no ring)
MPRegen  0.09/turn              (no ring)

@: agile, lethally poisoned (0 -> -8), very quick
A: large, hooves 3, deformed body, speed 2, tough skin 3
a: Renounce Religion


You were on level 5 of the Dungeon.
You worshipped Trog.
Trog was noncommittal.
You were not hungry.

You visited 1 branch of the dungeon, and saw 5 of its levels.

You collected 144 gold pieces.

Inventory:

Hand Weapons
 a - a +1 shortbow
 b - a +0 short sword
 i - a +0 dagger of protection
 l - a +3 whip
 o - a +0 hand axe of freezing
 u - a +1 short sword of venom (weapon)
Missiles
 d - 5 arrows
Armour
 c - a +0 leather armour (worn)
 q - a +0 centaur barding (worn)
Jewellery
 j - an uncursed amulet of guardian spirit {unknown}
 n - an uncursed amulet of the gourmand {unknown}
 r - an uncursed ring of wizardry {unknown}
 s - a +5 ring of strength {unknown}
Scrolls
 e - 3 scrolls of identify {unknown}
 k - a scroll of fear {unknown}
 m - a scroll of amnesia {unknown}
 p - 2 scrolls of remove curse {unknown}
 t - a scroll of fog {unknown}
Comestibles
 f - 3 rations
 v - 2 chunks of flesh


   Skills:
 + Level 3.8 Fighting
 + Level 7.2 Bows
 + Level 0.5 Armour
 - Level 1.4 Dodging
 - Level 0.4 Stealth


You had 4 spell levels left.
You didn't know any spells.
Your spell library was empty.

Dungeon Overview and Level Annotations

Branches:
Dungeon (5/15)
 Temple: D:4-7

Altars:
Trog


Innate Abilities, Weirdness & Mutations

You have hooves in place of feet.
Armour fits poorly on your strangely shaped body.
You cover ground very quickly.
You have extremely tough skin. (AC +3)


Message History

The worker ant is heavily wounded.
You feel sick. The worker ant barely misses you.
You hit the worker ant.
The worker ant looks even sicker.
The worker ant is severely wounded.
You feel sick. The worker ant bites you.
* * * LOW HITPOINT WARNING * * *
You are more poisoned.
The worker ant poisons you!
* * * LOW HITPOINT WARNING * * *
You feel sick.
You kill the worker ant!
Trog accepts your kill.
It was a potion of degeneration.
There was something very wrong with that liquid.
You feel weakened.
You feel dopey.
You feel clumsy.
* * * LOW HITPOINT WARNING * * *
You feel sick.
It was a potion of agility.
You feel agile all of a sudden.
You die...

############
#.(...((...#
#.########.#
#.# #@# #S#
#.# #.#
######.# #.#
#<.....# #.#
######## #a#
#.###########
#......a....#
###########.#


There were no monsters in sight!

Vanquished Creatures
  A worker ant (D:5)
  4 adders
  3 oozes (D:1)
  4 worms
  3 dart slugs
  3 leopard geckos
  An orc (D:4)
  A ball python (D:1)
  5 giant cockroaches
  6 goblins
  6 hobgoblins (D:1)
  5 jackals
  7 kobolds
  2 quokkas (D:3)
  6 bats
  2 frilled lizards (D:2)
  13 rats
72 creatures vanquished.

Notes
Turn   | Place    | Note
-------+----------+-------------------------------------------
     0 | D:1      | mzz the Centaur Hunter began the quest for the Orb.
     0 | D:1      | Reached XP level 1. HP: 17/17 MP: 1/1
    62 | D:1      | Reached XP level 2. HP: 24/24 MP: 2/2
   199 | D:1      | Reached skill level 6 in Bows
   256 | D:1      | Reached XP level 3. HP: 30/30 MP: 3/3
   700 | D:2      | Reached XP level 4. HP: 37/38 MP: 4/4
   780 | D:2      | Found a bloodstained altar of Trog.
   846 | D:2      | Became a worshipper of Trog the Wrathful
  1343 | D:3      | Reached skill level 7 in Bows
  1639 | D:4      | Noticed a phantom
  1675 | D:5      | Entered Level 5 of the Dungeon
  1766 | D:5      | Reached XP level 5. HP: 14/46 MP: 5/5
  1773 | D:5      | HP: 2/46 [poisoned by a worker ant]
  1776 | D:5      | Succumbed to a worker ant's poison

Skill      XL: |  1  2  3  4 |
---------------+-------------+-----
Bows           | 6 7 |  7.2
Fighting       | 3 |  3.8
Armour         | |  0.5
Dodging        | |  1.4
Stealth        | |  0.4

Action                   |  1- 3 |  4- 6 || total
-------------------------+-------+-------++-------
Melee: Short sword       |    21 |    18 ||    39
       Dagger            |    28 |   106 ||   134
       Kick              |    10 |    26 ||    36
 Fire: Shortbow          |    70 |    10 ||    80
  Use: Potion            |       |     2 ||     2
  Eat: Chunk             |       |     2 ||     2
Armor: Leather armour    |    44 |    64 ||   108
Dodge: Dodged            |    45 |    49 ||    94
